[Event "1st Semana Santa Torrevieja 2022"]
[Site "Torrevieja Alicante"]
[Date "2022.04.14"]
[Round "2.11"]
[White "Calvo Gonzalez, Jose Felix"]
[Black "Cabrera, Alexis"]
[Result "1-0"]
[ECO "A36"]
[WhiteElo "2071"]
[BlackElo "2482"]
[Annotator "TA"]
[PlyCount "110"]
[EventDate "2022.04.12"]
[EventType "swiss"]
[EventCountry "ESP"]
[SourceTitle "playchess.com"]
[Source "ChessBase"]
[SourceQuality "1"]
[TimeControl "5400+30"]

1. c4 g6 2. g3 Bg7 3. Bg2 e5 4. e4 d6 5. Nc3 Ne7 6. Nge2 c5 7. d3 Nbc6 8. O-O O-O 9. a3 Be6 {[%emt 0:02:36] A36: Symmetrical English vs ...g6: 4 Bg2 Bg7.} 10. Nd5 {[%emt 1:25:07] [#]} a6 $146 ({Predecessor:} 10... a5 11. Be3 h6 12. Rb1 Kh7 13. h3 Bxd5 14. cxd5 Nd4 15. Bxd4 exd4 16. f4 f5 17. g4 {0-1 (27) Funkschmidt,K-Zweschper,E (2018) Bad Homburg 2018}) 11. b4 b5 {[%emt 0:07:20] The position is equal.} 12. bxc5 dxc5 13. Be3 Nd4 14. Rc1 Rb8 (14... Bg4 {keeps more tension.} 15. f3 Bd7 16. Nxd4 exd4 17. Bf4 Nxd5 18. cxd5 Qb6) 15. cxb5 (15. Nxd4 $14 cxd4 16. Bd2) 15... Nxd5 $15 16. exd5 Bxd5 17. Rxc5 Bxg2 18. Kxg2 Ne6 19. Rc1 ({Not} 19. bxa6 $2 Nxc5 20. a7 Qd5+ 21. Kg1 Rbd8 $19) 19... Qd5+ 20. Kg1 axb5 ({Don't do} 20... Rxb5 21. Nc3 Qd6 22. Nxb5 axb5 23. Qb3 $18) 21. Nc3 Qd7 22. Ne4 Rfd8 23. Nc5 Nxc5 24. Rxc5 Qf5 25. Qb1 (25. d4 Qd7 26. d5 Bf8 $17) 25... Qxd3 ({Don't play} 25... Rxd3 26. Rxb5 Rxb5 27. Qxb5 $11) 26. Qxd3 Rxd3 27. Rb1 Rxa3 28. Rbxb5 Raa8 29. Kg2 Rxb5 30. Rxb5 {[%emt 0:00:00][%mdl 4096] Endgame KRB-KRB} Re8 31. Rb7 f6 32. Ba7 Bf8 33. Rb8 (33. Kf3 $15) 33... Re7 (33... Rxb8 $17 34. Bxb8 Bc5) 34. Bc5 Rf7 35. Ra8 Kg7 36. Be3 Bd6 37. Ra7 (37. Ra6 $15 Rd7 38. Kf3) 37... Bc7 (37... Rxa7 $17 38. Bxa7 Kf7) 38. h4 Kf8 ({Black should play} 38... h5 $17) 39. h5 gxh5 40. Kh3 Kg7 $1 {[%emt 0:00:10] Black keeps a firm grip on the game.} 41. Kh4 {[%emt 0:01:09] [#]} Kg6 $1 42. Ra8 {[%emt 0:00:24] Inhibits Bd8.} Rg7 43. Ra7 ({Better is} 43. Bc5) 43... Rd7 $17 44. Ra8 Bd8 45. Kh3 Rd6 46. Rb8 f5 47. Bc5 (47. Rb5 $142) 47... Rd3 $19 48. Bb6 Bf6 {[%emt 0:00:37] Strongly threatening ...h4.} 49. Kg2 (49. Bc7 {was necessary.}) 49... h4 50. gxh4 (50. Rg8+ {might work better.} Kf7 51. Ra8) 50... Bxh4 51. Rg8+ Kf7 52. Rh8 {[%emt 0:00:24] [#]} Kg7 53. Re8 Bf6 54. Bc7 h5 55. Bxe5 $2 (55. f3) 55... Kf7 {[%emt 0:00:33][%mdl 32768] Weighted Error Value: White=0.34/Black=0.14 (very precise) . Sensor Board Error (Ke4/e5)?} 1-0

[Event "1st Semana Santa Torrevieja 2022"]
[Site "Torrevieja Alicante"]
[Date "2022.04.14"]
[Round "2.12"]
[White "Rakotomaharo, Fy Antenaina"]
[Black "Hompanera Lopez, Enrique"]
[Result "1-0"]
[ECO "B42"]
[WhiteElo "2474"]
[BlackElo "2074"]
[Annotator "TA"]
[PlyCount "41"]
[EventDate "2022.04.12"]
[EventType "swiss"]
[EventCountry "ESP"]
[SourceTitle "playchess.com"]
[Source "ChessBase"]
[SourceQuality "1"]
[TimeControl "5400+30"]

1. e4 c5 2. Nf3 e6 3. d4 cxd4 4. Nxd4 a6 5. Bd3 Qc7 6. O-O Nf6 7. Qe2 d6 8. c4 Nc6 {[%emt 0:02:26] 8...Nbd7 is becoming the main line.} 9. Nxc6 {[%emt 0:02:22] B42: Sicilian: Kan Variation: 5 Bd3.} bxc6 10. Nc3 Bb7 11. f4 {[%emt 0:03:07][%cal Bf2f4,Bf4f5][%mdl 32] White is slightly better.} Be7 12. Be3 {[%emt 0:02:17] [#]} Rd8 $146 ({Predecessor:} 12... O-O 13. Rae1 c5 14. Bc1 Nd7 15. e5 g6 16. b3 Rad8 17. Be4 Bxe4 18. exd6 Qxd6 19. Nxe4 Qd4+ 20. Nf2 Qd6 {1-0 (33) Wallace,P (2243)-Bridges,P (1812) Cardiff 2016}) 13. c5 $1 d5 14. e5 d4 $1 15. exf6 {[%emt 0:00:20] &Bianco is more active.} gxf6 {[%emt 0:00:30] [#]} 16. f5 $1 {[%emt 0:00:33] Black must now prevent Bh6.} e5 (16... dxe3 17. fxe6) 17. Ne4 dxe3 18. Rad1 ({Don't take} 18. Qxe3 Qd7 19. Rad1 Qd4 $11) 18... Rd4 19. Qxe3 Qd8 {[%emt 0:06:31] [#]} (19... Qd7 $16 20. Bc2 h6) 20. Bc2 $1 $18 O-O $2 (20... Qd7 21. Qh6 Qd8) 21. Qh6 {[%emt 1:18:29] Weighted Error Value: White=0.03 (flawless) /Black=0.24 (precise)} 1-0

[Event "1st Semana Santa Torrevieja 2022"]
[Site "Torrevieja Alicante"]
[Date "2022.04.14"]
[Round "3.2"]
[White "Campos Gambuti, Luis Maria"]
[Black "Moussard, Jules"]
[Result "0-1"]
[ECO "E14"]
[WhiteElo "2305"]
[BlackElo "2630"]
[Annotator "TA"]
[PlyCount "74"]
[EventDate "2022.04.12"]
[EventType "swiss"]
[EventCountry "ESP"]
[SourceTitle "playchess.com"]
[Source "ChessBase"]
[SourceQuality "1"]
[TimeControl "5400+30"]

1. d4 Nf6 2. Nf3 e6 3. e3 b6 4. Bd3 Bb7 5. O-O d5 6. c4 Bd6 7. Nc3 Nbd7 8. b3 O-O 9. Bb2 c5 10. cxd5 exd5 11. Qe2 {[%emt 0:00:18] E14: Queen's Indian: Classical Variation (4 e3).} a6 12. Rfd1 Qe7 13. Bf5 {[%emt 0:05:26] The position is equal.} Rfd8 14. Rac1 {[%emt 0:01:07] [#]} cxd4 $146 ({Predecessor:} 14... Ne4 15. Na4 Nef6 16. dxc5 bxc5 17. Qc2 g6 18. Bh3 d4 19. exd4 Bxf3 20. gxf3 {1-0 (33) Pogosyan,S (2356)-Bashirov,T (2379) Batumi 2018}) 15. Nxd4 Ne5 16. Bh3 (16. f4 $16 Ng6 17. Bb1) 16... g6 $1 $11 17. f3 (17. g3 $5 ) 17... Re8 18. Qf2 Ned7 19. Re1 Nc5 20. Rcd1 {[%emt 0:00:19] Prevents Nd3.} b5 21. Qh4 {[%emt 0:03:02][%cal Od4f5] Hoping for Nf5!} Nfd7 22. Qxe7 Rxe7 23. Nxd5 Bxd5 24. Nc2 $1 {[%emt 0:00:05] [#]} Be5 $1 25. Bxe5 $1 Rxe5 26. f4 Rh5 {[%emt 0:00:20] ...Nf6 is the strong threat.} 27. Bxd7 Nxd7 28. g4 Rh4 29. Rxd5 Nf6 $36 {[%emt 0:00:03][%mdl 2048] Black has the initiative.} 30. Rd4 Nxg4 31. Re2 (31. Rd2 $15) 31... Rc8 $17 {[%emt 0:00:25][%cal Oh4h2] And now ...Rxh2! would win.} 32. a4 {[%emt 0:02:21] [#] Now White is beyond hope.} (32. Rdd2 $17 {keeps fighting.}) 32... Rxh2 $1 $19 33. Rdd2 (33. Rxh2 $142 Nxh2 34. Kxh2 Rxc2+ 35. Kg3) 33... Rxe2 34. Rxe2 bxa4 35. bxa4 Rc4 36. a5 Rc5 37. Kg2 $2 {[%emt 0:00:05] [#]} (37. Nd4 $19) 37... Rxc2 $1 {[%emt 0:00:12][%mdl 512] Weighted Error Value: White=0.54/Black=0.08 (flawless)} 0-1

[Event "1st Semana Santa Torrevieja 2022"]
[Site "Torrevieja Alicante"]
[Date "2022.04.14"]
[Round "3.3"]
[White "Iturrizaga Bonelli, Eduardo"]
[Black "Garcia Martin, Marta"]
[Result "1-0"]
[ECO "A13"]
[WhiteElo "2595"]
[BlackElo "2299"]
[Annotator "TA"]
[PlyCount "85"]
[EventDate "2022.04.12"]
[EventType "swiss"]
[EventCountry "ESP"]
[SourceTitle "playchess.com"]
[Source "ChessBase"]
[SourceQuality "1"]
[TimeControl "5400+30"]

1. c4 e6 2. g3 d5 3. Bg2 d4 4. Nf3 Nc6 5. O-O Nf6 6. e3 {[%emt 0:04:38] A13: English Opening: 1...e6.} Bc5 7. b4 Bxb4 8. exd4 {[%emt 0:00:14] White is slightly better.} O-O 9. Bb2 Rb8 {[%emt 0:05:59] [#]} 10. d3 $146 ({Predecessor:} 10. Na3 Bxa3 11. Bxa3 Re8 12. Bb2 b5 13. Bc3 bxc4 14. Qa4 Bd7 15. Qxc4 Nd5 16. Rfb1 {½-½ (44) Caruana,F (2805)-Hammer,J (2677) Stavanger 2015}) 10... b6 11. Nbd2 Bb7 12. Qe2 Re8 13. Ne4 Nxe4 14. dxe4 Na5 15. c5 Nc6 (15... bxc5 $2 16. a3 Nb3 17. axb4 Nxa1 18. Rxa1 $16) 16. a3 Ba5 17. cxb6 Bxb6 18. Rfd1 Qd7 19. Rac1 f6 20. h4 Qf7 21. Bh3 Na5 22. Bc3 Rbd8 23. Rb1 {[%emt 0:03:20] Black must now prevent Bxa5.} Bc6 24. Rdc1 {[%emt 0:03:26] Strongly threatening Bxa5.} Ba8 25. Bg2 Nc6 26. Rd1 Rd7 27. Qc4 e5 (27... Rd6 $11) 28. d5 $16 {[%emt 0:00:33] White stays focused until the end.} Rd6 29. Bh3 Nd8 (29... Kh8 $142) 30. Bb4 $36 {[%emt 0:00:18][%mdl 2048] Black is under strong pressure. &Bianco is more active.} c5 (30... Nb7 $142 31. Bxd6 Nxd6) 31. Bxc5 $18 Rc6 32. Rb5 Nb7 {[%emt 0:00:43] [#]} (32... Rc7 $142 33. Qb4 a5) 33. Be6 $1 Rexe6 34. dxc6 Rxc6 35. Qxf7+ Kxf7 {[%emt 0:00:04] [#]} 36. Bxb6 axb6 {[%emt 0:00:09] [#]} 37. Rxe5 $1 Nc5 {[%emt 0:01:40] Against Rd7+} 38. Rf5 Ke7 39. e5 Rc7 {[%emt 0:00:32] White is clearly winning.} 40. exf6+ gxf6 41. g4 Ra7 42. Re1+ Kf7 43. Ng5+ {[%emt 0:02:07] Weighted Error Value: White=0.04 (flawless) /Black=0.28 (precise)} 1-0

[Event "1st Semana Santa Torrevieja 2022"]
[Site "Torrevieja Alicante"]
[Date "2022.04.14"]
[Round "3.4"]
[White "Escobar Medina, Andres F"]
[Black "Yuffa, Daniil"]
[Result "0-1"]
[ECO "B19"]
[WhiteElo "2322"]
[BlackElo "2576"]
[Annotator "TA"]
[PlyCount "112"]
[EventDate "2022.04.12"]
[EventType "swiss"]
[EventCountry "ESP"]
[SourceTitle "playchess.com"]
[Source "ChessBase"]
[SourceQuality "1"]
[TimeControl "5400+30"]

1. e4 c6 2. d4 d5 3. Nc3 dxe4 4. Nxe4 Bf5 5. Ng3 Bg6 6. h4 h6 7. Nf3 Nd7 8. h5 Bh7 9. Bd3 Bxd3 10. Qxd3 e6 11. Bd2 Ngf6 12. O-O-O Be7 13. Kb1 Qb6 {[%emt 0:00:33] B19: Classical Caro-Kann: 4...Bf5 main line.} 14. Ne4 c5 15. dxc5 Nxc5 {[%emt 0:00:35] The position is equal.} 16. Nxc5 Bxc5 17. Bc3 Rd8 18. Qxd8+ Qxd8 19. Rxd8+ Kxd8 20. Ne5 Ke7 21. Nd3 Bd6 22. f3 Rc8 {[%emt 0:01:50] [#]} 23. g4 $146 ({Predecessor:} 23. Bd4 a6 24. g4 Kf8 25. c3 Nd7 26. Rd1 e5 27. Bf2 Ke7 28. Bh4+ Ke6 29. Nf2 {½-½ (65) Delchev,A (2632)-Magem Badals,J (2589) Sestao 2010}) 23... Kf8 24. Bxf6 gxf6 $11 {[%emt 0:00:07][%mdl 4096] Endgame KRB-KRN} 25. c3 Ke7 26. Kc2 Rg8 27. Kd2 Rg5 28. Ke3 f5 29. gxf5 Rxf5 30. f4 Ra5 31. a3 Ra4 32. Ra1 Rc4 33. Rf1 a5 34. Rf3 Bc5+ 35. Kd2 {[%emt 0:01:39] [#] aiming for b3.} Bb6 ({Black should try} 35... a4 $15) 36. Ne5 Rc8 37. Rd3 Bc7 38. Ke3 Bd6 39. Ng4 f5 40. Nf2 ({Of course not} 40. Nxh6 Bb8 41. Nxf5+ exf5 $17) 40... Rc4 41. b3 $1 Rc6 {[%emt 0:02:13] [#] ...b5 is the strong threat.} (41... Bxf4+ $2 42. Kf3 Rc6 43. Kxf4 $18) 42. b4 $2 {[%emt 0:00:25][%mdl 8192] This costs White the game.} (42. a4 $11 {and White is okay.}) 42... Rc4 $19 43. Nh3 a4 ({Not} 43... axb4 44. cxb4 Bc7 45. Rb3 $17) 44. Kf3 e5 {[%emt 0:01:26] Threatens to win with ...e4+.} 45. fxe5 (45. Kf2) 45... Bxe5 46. Nf2 Rxc3 47. Rxc3 $2 (47. Ke2) 47... Bxc3 {[%emt 0:00:05] KB-KN} 48. Nd3 b5 49. Nf4 Kd6 {[%emt 0:00:24] Black mates.} 50. Ne2 Bb2 51. Kf4 Ke6 52. Ke3 Bxa3 53. Nc3 Bxb4 54. Nxb5 a3 55. Nd4+ Kd5 56. Nc2 Bc5+ {[%emt 0:53:55] Weighted Error Value: White=0.50/Black=0.04 (flawless)} 0-1

[Event "1st Semana Santa Torrevieja 2022"]
[Site "Torrevieja Alicante"]
[Date "2022.04.14"]
[Round "3.5"]
[White "Cuenca Jimenez, Jose Fernando"]
[Black "Makkar, Rajat"]
[Result "1/2-1/2"]
[ECO "C78"]
[WhiteElo "2552"]
[BlackElo "2252"]
[Annotator "TA"]
[PlyCount "70"]
[EventDate "2022.04.12"]
[EventType "swiss"]
[EventCountry "ESP"]
[SourceTitle "playchess.com"]
[Source "ChessBase"]
[SourceQuality "1"]
[TimeControl "5400+30"]

1. e4 e5 2. Nf3 Nc6 3. Bb5 a6 4. Ba4 Nf6 5. O-O b5 6. Bb3 Bc5 7. a4 Rb8 8. c3 d6 9. d4 Bb6 10. a5 {[%emt 0:00:47] C78: Ruy Lopez: Archangelsk and Möller Defences.} Ba7 ({Don't take} 10... Nxa5 11. Rxa5 Bxa5 12. dxe5 $14) (10... Bxa5 $2 11. dxe5 (11. d5 Ne7 $18) 11... dxe5 12. Qxd8+ Kxd8 13. Bd5 (13. Bxf7 Bb6 $16) 13... Nxd5 14. exd5 $18) 11. h3 O-O 12. Be3 Re8 {[%emt 0:00:12] now supersedes 12...Ra8.} 13. Ng5 Rf8 14. Re1 Ra8 15. Nf3 Bb7 {[%emt 0:02:41] [#]} 16. Bg5 $146 ({Predecessor (2):} 16. Nbd2 h6 17. Nf1 Re8 18. d5 Ne7 19. Bxa7 Rxa7 20. Ng3 c6 21. dxc6 Bxc6 22. Qd2 Rd7 23. c4 Qa8 24. cxb5 Bxb5 {1-0 (33) Svidler,P (2714)-Hong,A (2453) Chess.com INT 2021}) 16... Re8 17. Bd5 ({White should try} 17. Bh4 $14) 17... h6 $1 $15 18. Bh4 Rb8 (18... exd4 $11 19. Bxf6 Qxf6 20. cxd4 Rab8 21. Bxc6 Bxc6) 19. Qb3 $14 Qe7 20. Nbd2 g5 21. Bg3 exd4 22. Bxc6 Bxc6 23. cxd4 (23. e5 $14) 23... Bxe4 $11 {[%emt 0:08:42] The position is equal.} 24. Nxe4 Nxe4 25. Qd5 Qe6 26. Qc6 Qc4 27. Rac1 Qxc6 28. Rxc6 Nxg3 29. Rxe8+ Rxe8 30. fxg3 Re4 31. Rxc7 Bxd4+ 32. Nxd4 Rxd4 {[%emt 0:00:08] KR-KR} 33. Rc6 Rd2 34. b4 Rd4 35. Rxa6 Kg7 {[%emt 0:00:56] Weighted Error Value: White=0.11 (very precise) /Black=0.11 (very precise)} 1/2-1/2

[Event "1st Semana Santa Torrevieja 2022"]
[Site "Torrevieja Alicante"]
[Date "2022.04.14"]
[Round "3.6"]
[White "Hernandez Leon, Alberto"]
[Black "Dardha, Daniel"]
[Result "0-1"]
[ECO "E01"]
[WhiteElo "2250"]
[BlackElo "2541"]
[Annotator "TA"]
[PlyCount "67"]
[EventDate "2022.04.12"]
[EventType "swiss"]
[EventCountry "ESP"]
[SourceTitle "playchess.com"]
[Source "ChessBase"]
[SourceQuality "1"]
[TimeControl "5400+30"]

1. d4 Nf6 2. c4 e6 3. Nf3 d5 4. g3 h6 5. Bg2 Bd6 6. O-O {[%emt 0:00:53] E01: Catalan: Early deviations.} O-O 7. Qc2 b6 8. Nc3 {[%emt 0:04:21] White is slightly better.} Bb7 9. cxd5 exd5 10. Bf4 c6 {[%emt 0:10:41] [#]} 11. Rfd1 $146 ({Predecessor:} 11. Ne5 Nbd7 12. Nxc6 Bxc6 13. Bxd6 Re8 14. Ba3 Rc8 15. Rac1 Nf8 16. e3 {1-0 (31) Schneider,H (2045)-Winz,M (1691) Berlin 2009}) 11... Re8 12. Rac1 Bf8 13. Ne5 Na6 14. a3 c5 15. dxc5 Nxc5 16. b4 Ne6 17. Qb3 Nxf4 18. gxf4 {[%emt 0:00:08][%cal Oe5f7] [#] Strongly threatening Nxf7!} Rc8 19. e3 Re6 (19... g5 $14) 20. Nb5 (20. Bh3 $16) 20... a6 $14 21. Nd4 Re8 22. Bh3 Rc7 23. Rxc7 Qxc7 24. Qc2 ({Better is} 24. Qb2 $14) 24... Qd8 (24... Qxc2 $11 {keeps the balance.} 25. Nxc2 Re7) 25. Nf5 a5 26. Qb2 ({White should play} 26. Rc1 $14) 26... axb4 27. axb4 g6 28. Nd4 Bg7 29. Qc2 Ne4 $1 30. Nec6 {[%emt 0:00:29] Pair of Knights!} Qh4 31. Bg2 Bxc6 32. Nxc6 Nc3 33. Rd3 (33. Rd2 $11) 33... Ra8 $19 {[%emt 0:00:18] [#] ( -> ...Ra1+)} 34. Qc1 $2 {[%emt 0:00:32] Prevents Ra1.  Weighted Error Value: White=0.37/Black=0.12 (very precise)} ({Don't go for} 34. Rxc3 $2 Ra1+ 35. Qc1 Bxc3 36. Qxa1 Bxa1 $19) (34. h3 Ra2 35. Rxc3 Rxc2 36. Rxc2) 0-1

[Event "1st Semana Santa Torrevieja 2022"]
[Site "Torrevieja Alicante"]
[Date "2022.04.14"]
[Round "3.8"]
[White "Gonzalez Guedes, Iyan"]
[Black "Nasuta, Grzegorz"]
[Result "0-1"]
[ECO "B50"]
[WhiteElo "2251"]
[BlackElo "2530"]
[Annotator "TA"]
[PlyCount "90"]
[EventDate "2022.04.12"]
[EventType "swiss"]
[EventCountry "ESP"]
[SourceTitle "playchess.com"]
[Source "ChessBase"]
[SourceQuality "1"]
[TimeControl "5400+30"]

1. e4 c5 2. Nf3 d6 3. c3 Nf6 4. Be2 Nbd7 5. d3 g6 6. O-O Bg7 7. Re1 O-O 8. Bf1 e5 {[%emt 0:04:56] B50: Sicilian: 2...d6, Miscellaneous.} 9. d4 exd4 10. cxd4 cxd4 {[%emt 0:00:07] The position is equal.} 11. Nxd4 Re8 12. Nc3 a6 {[%emt 0:01:55] Inhibits Ndb5.} 13. Bg5 {[%emt 0:00:00] [#]} h6 $146 ({Predecessor:} 13... Qa5 14. Bh4 b5 15. Nc6 Qb6 16. Nb4 Bb7 17. Qd2 Nxe4 18. Nxe4 Bxe4 19. Rad1 a5 {1-0 (61) Goryachkina,A (2579)-Obolentseva,A (2305) Moscow 2020}) 14. Bh4 Nc5 15. b4 {[%emt 0:00:00] [#]} (15. f3 $16) 15... Ne6 (15... g5 $1 $11 16. bxc5 dxc5) 16. Nxe6 Bxe6 17. Rc1 Qb6 18. a3 Rac8 19. Qd2 Ng4 20. Na4 Qd4 21. Qxd4 Bxd4 22. h3 (22. Rcd1 $11 Be5 23. h3) 22... Rxc1 {[%emt 0:13:46] &Nero is more active.} 23. Rxc1 Ne5 24. Rd1 Nc6 {[%emt 0:00:06] And now ...Bb3 would win.} 25. b5 Bb3 26. Rd2 {[%emt 0:00:00] Loses the game.} (26. Rd3 $15 axb5 27. Rxb3 Rxe4 28. Bg3 bxa4 29. Rxb7) 26... axb5 $19 ({Less strong is} 26... Bxa4 27. bxc6 Bc3 28. Rd3 $16 (28. Rxd6 Bxc6 29. f3 Be5 $11)) 27. Bxb5 Rxe4 28. Bg3 {[%emt 0:00:00] [#]} Na7 $1 29. Bd7 Nc6 30. Nb2 d5 31. Rd3 Ba2 (31... Bxb2 32. Rxb3 Be5 33. Bxe5 Nxe5 34. Rxb7 $11) 32. Nd1 $2 (32. Kh2 {was forced.}) 32... Ne5 33. Bxe5 Re1+ ({Not} 33... Bxe5 $2 34. f3 Bd4+ 35. Kh2 $19) 34. Kh2 Bxe5+ 35. g3 d4 {[%emt 0:01:01] Strongly threatening ...Bd5.} 36. f4 (36. Bb5 $142 Bb1 37. Nb2) 36... Re2+ 37. Nf2 {[%emt 0:01:10] [#]} Bc4 $1 38. Rd1 Rxf2+ 39. Kg1 Re2 40. fxe5 {[%emt 0:00:03][%mdl 4096] Endgame KRB-KRB} d3 41. Bg4 Rxe5 42. Kf2 b5 {[%emt 0:00:42] Hoping for ...Re8.} 43. Bf3 $2 (43. Re1 Rd5 44. Rb1) 43... Re6 44. Rc1 Ra6 45. Rc3 (45. Ra1 $142) 45... Rf6 {[%emt 0:00:18] Weighted Error Value: White=0.46/Black=0.19 (very precise)} 0-1

[Event "1st Semana Santa Torrevieja 2022"]
[Site "Torrevieja Alicante"]
[Date "2022.04.14"]
[Round "3.9"]
[White "Vasquez Schroeder, Rodrigo"]
[Black "Breneis, Lukas"]
[Result "1-0"]
[ECO "A50"]
[WhiteElo "2493"]
[BlackElo "2237"]
[Annotator "TA"]
[PlyCount "121"]
[EventDate "2022.04.12"]
[EventType "swiss"]
[EventCountry "ESP"]
[SourceTitle "playchess.com"]
[Source "ChessBase"]
[SourceQuality "1"]
[TimeControl "5400+30"]

1. Nf3 Nf6 2. c4 b6 3. g3 Bb7 4. Bg2 g6 5. O-O Bg7 6. d4 O-O 7. Nc3 {[%emt 0:00:24] 7.Re1 is a critical line.} Ne4 8. Bd2 {[%emt 0:00:30] A50: Queen's Fianchetto Defence (1 d4 Nf6 2 c4 b6).} Nxd2 9. Qxd2 ({Reject} 9. Nxd2 Bxg2 10. Kxg2 Bxd4 $17) 9... c5 10. d5 {[%emt 0:00:30] The position is equal.} d6 {[%emt 0:00:18] [#]} 11. Rad1 $146 ({Predecessor:} 11. Ne1 Na6 12. f4 Nc7 13. Nd3 Ba6 14. b3 b5 15. Nb2 bxc4 16. Nxc4 Nb5 17. Ne4 Bxa1 18. Rxa1 {0-1 (33) Yuffa,D (2563)-Romanov,E (2614) Sochi 2018}) 11... a6 12. a4 {[%emt 0:01:39] Against b5} Nd7 13. Qc2 Qc7 14. h3 Rfe8 15. e3 Rad8 16. b3 b5 17. axb5 Qa5 {[%emt 0:05:10] [#]} 18. bxa6 $1 Bxc3 (18... Qxc3 19. Qxc3) 19. axb7 Rb8 20. Rb1 Rxb7 21. Rfc1 Bg7 22. Nd2 Ra8 23. h4 Qb4 24. f4 Rba7 25. Qd3 Ra2 26. Rc2 f5 27. h5 Nf6 (27... Rxc2 $142 28. Qxc2 Qc3 29. Qxc3 Bxc3) 28. hxg6 $11 hxg6 29. Bf3 Ra1 (29... Rxc2 $11 30. Qxc2 Ra3) 30. Rxa1 $1 $16 Rxa1+ 31. Kg2 $1 {[%emt 0:00:12] And now e4 would win.} Qa5 (31... Kf8 $16) 32. e4 $18 fxe4 33. Bxe4 Re1 $2 (33... Rd1) 34. Bf3 $2 (34. Bxg6 $18 {Black must now prevent Nf3.} Qa1 35. Nf3) 34... Qa1 $1 $14 35. Nf1 ({Not} 35. Qxg6 $2 Rh1 36. Be2 Rh6 37. Qxh6 Bxh6 $19) 35... Qb1 {[%emt 0:04:33][%cal Oe1f1] aiming for ...Rxf1!} 36. Rd2 g5 37. fxg5 Nd7 38. Bg4 Nf8 {[%emt 0:03:51] Against Be6+} 39. Qf3 ({Better is} 39. Nh2 $18) 39... Bd4 {[%emt 0:02:33] [#]} (39... Qg6 $16) 40. Bh5 (40. b4 $1 $18 ) 40... Ng6 $16 41. Bxg6 Qxg6 42. Re2 Rxe2+ 43. Qxe2 {[%emt 0:00:00] Threatens to win with Qe6+.} Be5 $2 {[%emt 0:01:16] [#]} (43... Qxg5 $14 44. Nh2 Bf6) 44. Nh2 $2 (44. Kh3 $1 $18 {and the rest is easy.}) 44... Qb1 $2 (44... Qxg5 $16 {is more resistant.} 45. Qg4 Qxg4 46. Nxg4 Ba1) 45. Nf3 $18 Qxb3 (45... Qf5 $142 46. Nxe5 dxe5) 46. Qe4 Qb2+ 47. Kh3 Qa1 48. Kg4 {[%emt 0:00:00] White threatens Qg6+ and mate.} Qc3 49. Nxe5 dxe5 {[%emt 0:00:01] KQ-KQ} 50. Qg6+ Kf8 51. Qh6+ Ke8 52. Qc6+ Kf7 53. Qxc5 $2 ({White must play} 53. Qe6+ $18 Kf8 54. Kh5) 53... e4 $2 (53... Qc2 $11) 54. Qf2+ Kg7 55. g6 Kxg6 56. Qf5+ Kh6 57. Qe6+ {[%emt 0:00:21] White mates.} Kh7 58. Qxe7+ Kh8 59. Qxe4 Qg7+ 60. Kh3 Qg6 61. Qh4+ {[%emt 0:00:11] Weighted Error Value: White=0.41/Black=0.68} 1-0

[Event "1st Semana Santa Torrevieja 2022"]
[Site "Torrevieja Alicante"]
[Date "2022.04.14"]
[Round "3.10"]
[White "Aguilera Lopez, Alejandro"]
[Black "Sochacki, Christophe"]
[Result "0-1"]
[ECO "A28"]
[WhiteElo "2211"]
[BlackElo "2485"]
[Annotator "TA"]
[PlyCount "118"]
[EventDate "2022.04.12"]
[EventType "swiss"]
[EventCountry "ESP"]
[SourceTitle "playchess.com"]
[Source "ChessBase"]
[SourceQuality "1"]
[TimeControl "5400+30"]

1. e3 Nf6 2. c4 e5 3. Nc3 Nc6 4. Nf3 a6 5. d4 exd4 6. exd4 {[%emt 0:01:16] A28: English Opening: Four Knights Variation.} d6 {[%emt 0:15:08] [#]} 7. d5 $146 ({Predecessor:} 7. Qe2+ Qe7 8. Qxe7+ Bxe7 9. Bg5 h6 10. Bh4 Bg4 11. O-O-O O-O 12. h3 Bxf3 13. gxf3 {1-0 (45) Bastiao,T-Couto,C Coimbra 2015}) 7... Ne5 8. Nxe5 {[%emt 0:00:33] White is slightly better.} dxe5 9. Bd3 Bd6 10. Bg5 h6 11. Bh4 Qe7 12. O-O $1 g5 13. Bg3 h5 (13... O-O $16) 14. c5 $1 $18 h4 15. cxd6 cxd6 {[%emt 0:00:11] [#]} 16. Bxe5 dxe5 17. Re1 Kf8 18. Qe2 h3 19. Qxe5 Qxe5 20. Rxe5 Ng4 (20... g4 $16 {is a better defense.}) 21. Rxg5 f6 {[%emt 0:02:34] [#]} 22. Rxg4 Bxg4 $14 23. f3 Bd7 24. g3 f5 25. Kf2 Re8 26. Ne2 ({White should play} 26. Nd1 $14) 26... Ke7 $11 27. Nf4 Kd6 28. Rd1 Rh6 29. Bf1 Rc8 30. Rd2 {[%emt 0:01:56] Against Rc2} ({Much worse is} 30. Bxh3 Rc2+ 31. Ke3 Rxb2 $17) 30... Rc1 31. Ne2 Ra1 32. Nc3 {[%emt 0:00:54] Prevents Bb5.} Kc5 33. a3 b5 34. Nd1 b4 35. axb4+ Kxb4 36. Ne3 {[%emt 0:00:11] Nc2+ is the strong threat.} Rb1 37. Bd3 Rh1 38. Nf1 (38. Nc2+ $11 {was the only way to keep the balance.} Kc5 39. b4+ Kxd5 40. Bxf5+ Ke5 41. Rxd7 Kxf5 42. Ne3+ Ke6 43. Rb7) 38... Rd6 39. Be2 (39. Ke3 $17 Rxd5 40. Bxa6 Rxd2 41. Kxd2) 39... Bb5 $19 40. Bxb5 axb5 {[%emt 0:00:14][%mdl 4096] Endgame KRR-KRN} 41. Rd1 (41. Rd4+ {might work better.} Kc5 42. Rh4) 41... Kc5 42. Rc1+ Kd4 {[%emt 0:00:54][%mdl 1024] Black has strong compensation.} 43. Rd1+ {[%emt 0:00:37] [#]} Ke5 $1 44. Re1+ $2 {[%emt 0:00:53] [#]} (44. f4+ $17 {is the only way for White.} Kf6 45. Ke3) 44... Kf6 $1 45. Rd1 Rd8 46. g4 fxg4 47. fxg4 Ke5 48. Re1+ Kd6 {[%emt 0:00:41] Threatens to win with ...Rf8+.} 49. Ne3 $2 (49. Rc1) 49... Rxe1 50. Kxe1 {[%emt 0:00:03] KR-KN} Ke5 51. Kf2 Kf4 52. g5 Kxg5 {[%emt 0:00:40] Strongly threatening ...Kf4.} 53. Kg3 Re8 54. Nc2 Re2 {[%emt 0:00:56] Black mates.} 55. Nd4 Rxb2 56. d6 Kf6 57. Kxh3 b4 58. Kg3 Rd2 59. Nb5 b3 {[%emt 0:00:30] What a bad dream for White.  Weighted Error Value: White=0.37/Black=0.08 (flawless)} 0-1